 Seeded DCSS version 0.29-a0-356-g7bc237e783 (webtiles) character file.

Game seed: 13387057801375688922 (custom seed)

11 zeratav the Skirmisher (level 2, 11/28 HPs)
             Began as a Naga Fighter on Apr 25, 2022.
             Quit the game on level 1 of the Dungeon.
             The game lasted 00:00:51 (486 turns).

zeratav the Skirmisher (Naga Fighter)                Turns: 486, Time: 00:00:52

Health: 11/28      AC:  4    Str: 18    XL:     2   Next: 25%
Magic:  2/2        EV:  7    Int:  8    God:
Gold:   17         SH:  4    Dex: 10    Spells: 1/1 levels left

rFire   . . .      SeeInvis +     - Unarmed
rCold   . . .      Faith    .   b - +0 buckler
rNeg    . . .      Spirit   .   a - +0 scale mail
rPois   +          Reflect  .   (no helmet)
rElec   .          Harm     .   (no cloak)
rCorr   .          Rampage  .   (no gloves)
Will    .....                   (no barding)
Stlth   ..........              (no amulet)
HPRegen 0.09/turn               (no ring)
MPRegen 0.08/turn               (no ring)

@: very slow
A: AC +0, large, see invisible, deformed body, poison resistance, slowness 2,
spit poison 1, naga tail 1
a: Spit Poison


You were on level 1 of the Dungeon.
You visited 1 branch of the dungeon, and saw 1 of its levels.

You collected 17 gold pieces.


Innate Abilities, Weirdness & Mutations

Your serpentine skin is tough. (AC +0)
You have supernaturally acute eyesight. (SInv)
Armour fits poorly on your strangely shaped body.
Your system is resistant to poisons. (rPois)
You cover ground very slowly.
You can spit poison.
You have a snake-like lower body.


   Skills:
 - Level 3.0 Fighting
 - Level 2.4 Armour
 - Level 2.4 Shields
 + Level 2.9 Unarmed Combat


You had one spell level left.
You didn't know any spells.
Your spell library contained the following spells:

 Spells                   Type           Power      Damage    Failure   Level
 Sandblast                Erth           0%         2d4       86%         1
 Passwall                 Tmut/Erth      0%         N/A       95%         2
 Stone Arrow              Conj/Erth      0%         3d7       99%         3

Inventory:

Hand Weapons
 f - a +0 club {mace}
   (You took it off a kobold on level 1 of the Dungeon)
Armour
 a - a +0 scale mail (worn)
 b - a +0 buckler (worn)
Scrolls
 d - a scroll of teleportation {@r4}
 g - a scroll of acquirement
Potions
 c - a potion of might
 e - 2 potions of curing {unknown}

Dungeon Overview and Level Annotations

Branches:
Dungeon (1/15)

Altars:

..........# ###. .....#..#
..........#####....#.#.#.#.#
...........................#
..........######.#.##....#.##
#######.######.....#........#
#.# #....#.#.....#.#..##
#.###.........)........#
#####.#....#.#)#...#.#.#...
#..รท..........@.......#
....###.##.#.#.#.#.#.#.#)# ##
#.# .......(........ #.#
#######..#####.##
#.###.####### #...# .#
#.................# .#
###.###.#########...# #
....###.#############
#.............


There were no monsters in sight!


Message History

Your mp is fully restored (2).
A frilled lizard comes into view.
The frilled lizard hisses angrily.
You block the ball python's attack. The goblin closely misses you.
The ball python bites you but does no damage.
You closely miss the goblin. You block the goblin's attack.
The ball python barely misses you.
You closely miss the goblin. The goblin barely misses you.
The ball python bites you but does no damage.
You hit the goblin. You block the goblin's attack.
The frilled lizard bites you but does no damage.
The ball python bites you but does no damage.
You barely miss the goblin. The ball python barely misses you.
The goblin hits you but does no damage. The frilled lizard bites you.
You block the ball python's attack.
HP[-1]
You take 1 damage, and now have 23/28 hp.
You closely miss the goblin. The goblin barely misses you.
The frilled lizard barely misses you. The ball python bites you.
HP[-2]
You take 2 damage, and now have 21/28 hp.
You are too injured to fight recklessly!
You are too injured to fight recklessly!
You are too injured to fight recklessly!
You are too injured to fight recklessly!
You are too injured to fight recklessly!
You are too injured to fight recklessly!
You are too injured to fight recklessly!
You are too injured to fight recklessly!
You are too injured to fight recklessly!
You are too injured to fight recklessly!
You are too injured to fight recklessly!
You are too injured to fight recklessly!
You are too injured to fight recklessly!
You are too injured to fight recklessly!
You are too injured to fight recklessly!
You are too injured to fight recklessly!
You are too injured to fight recklessly!
You are too injured to fight recklessly!
You completely miss the goblin. The goblin hits you but does no damage.
The frilled lizard closely misses you.
The frilled lizard bites you but does no damage.
The ball python bites you but does no damage.
You completely miss the goblin. The goblin closely misses you.
You block the frilled lizard's attack. x2
The ball python bites you but does no damage.
HP[+1]
You punch the goblin!
You kill the goblin!
The ball python bites you.
The frilled lizard bites you but does no damage.
You block the frilled lizard's attack.
The ball python bites you but does no damage.
HP[-1]
You take 1 damage, and now have 21/28 hp.
The frilled lizard attacks as you move away!
You block the frilled lizard's attack.
The frilled lizard bites you but does no damage.
The ball python bites you but does no damage.
The frilled lizard bites you.
The frilled lizard bites you but does no damage.
You see here a +0 dagger {short}.
HP[-3]
You take 3 damage, and now have 18/28 hp.
You hit the frilled lizard. The ball python bites you.
The frilled lizard bites you.
* * * LOW HITPOINT WARNING * * *
The frilled lizard barely misses you.
HP[-4]
You take 4 damage, and now have 14/28 hp.
You closely miss the frilled lizard. The ball python bites you.
* * * LOW HITPOINT WARNING * * *
The frilled lizard bites you.
* * * LOW HITPOINT WARNING * * *
The frilled lizard barely misses you. The ball python barely misses you.
HP[-3]
You take 3 damage, and now have 11/28 hp.
You closely miss the frilled lizard.
The frilled lizard bites you but does no damage.
You block the frilled lizard's attack.
The ball python bites you but does no damage.
You hit the frilled lizard.
You kill the frilled lizard!
The ball python bites you.
* * * LOW HITPOINT WARNING * * *
You block the frilled lizard's attack.
HP[-1]
You take 1 damage, and now have 10/28 hp.
You punch the frilled lizard!
You kill the frilled lizard!
You block the ball python's attack.
You barely miss the ball python.
The ball python bites you but does no damage.
You hit the ball python.
You kill the ball python!
HP[+1]
g - a scroll labelled KECWAL DEYFETS This is a scroll of acquirement!
Unknown command.
Are you sure you want to abandon this character and quit the game? (Confirm with "yes".)

Action                   || total
-------------------------++-------
Melee: Unarmed           ||    40
  Use: Scroll            ||     1
Armor: Scale mail        ||    23
Dodge: Dodged            ||    18
Block: Buckler           ||    15

Levels and vault maps discovered:
D:1:      saegor_arrival_fortress, layout_rooms,
          shapermc_ecumenical_altar_acropolis, hangedman_decor_riveting

Notes
Turn   | Place    | Note
-------+----------+-------------------------------------------
     0 | D:1      | zeratav the Naga Fighter began the quest for the Orb.
     0 | D:1      | Reached XP level 1. HP: 21/21 MP: 1/1
     0 | D:1      | magus.rc [v1.9.6]
   135 | D:1      | HP: 4/21 [hobgoblin (4)]
   137 | D:1      | HP: 1/21 [rat (1)]
   423 | D:1      | You pick up a book of Geomancy and begin reading...
   423 | D:1      | You add the spells Sandblast, Passwall and Stone Arrow to
                  | your library.
   462 | D:1      | Reached XP level 2. HP: 24/28 MP: 2/2
   486 | D:1      | Identified a scroll of acquirement
   486 | D:1      | Quit the game

Vanquished Creatures
  A ball python (D:1)
  An endoplasm (D:1)
  A giant cockroach (D:1)
  2 goblins (D:1)
  A hobgoblin (D:1)
  2 frilled lizards (D:1)
  A kobold (D:1)
  A rat (D:1)
10 creatures vanquished.

Table legend:
 A = Non-vault XP
 B = Vault XP
 C = Vault XP percentage of total XP
 D = Non-vault monster count
 E = Vault monster count
 F = Vault count percentage of total count
                 A         B        C        D         E       F
            +---------+---------+-------+---------+---------+-------
      Total |      16 |       0 |   0.0 |      10 |       0 |   0.0
            +---------+---------+-------+---------+---------+-------
        D:1 |      16 |       0 |   0.0 |      10 |       0 |   0.0
            +---------+---------+-------+---------+---------+-------

Illustrated notes

Table legend:
 A = Kills in this place as a percentage of kills in entire the game.
 B = Kills by you in this place as a percentage of kills by you in the entire game.
 C = Kills by friends in this place as a percentage of kills by friends in the entire game.
 D = Other kills in this place as a percentage of other kills in the entire game.
 E = Experience gained in this place as a percentage of experience gained in the entire game.
 F = Experience gained in this place divided by the number of levels of this place that you have seen.
                   A       B       C       D       E      F
               +-------+-------+-------+-------+-------+----------------------
         Total | 100.0 | 100.0 |   N/A |   N/A | 100.0 |  16.0
       Dungeon | 100.0 | 100.0 |   N/A |   N/A | 100.0 |  16.0
               +-------+-------+-------+-------+-------+----------------------

Table legend: (Time is in decaauts)
 A = Elapsed time spent in this place.
 B = Non-inter-level travel time spent in this place.
 C = Inter-level travel time spent in this place.
 D = Time resting spent in this place.
 E = Time spent auto-exploring this place.
 F = Levels seen in this place.
 G = Mean time per level.
                   A        B        C        D        E       F      G
               +--------+--------+--------+--------+--------+-----+--------+
         Total |    529 |    529 |      0 |    275 |    137 |   1 |  529.0 |
       Dungeon |    529 |    529 |      0 |    275 |    137 |   1 |  529.0 |
               +--------+--------+--------+--------+--------+-----+--------+

Top non-repeatable levels by time:
     D:1: 529 daAuts
